 Dungeon Crawl Stone Soup version 0.16.0-12-g7215832 (webtiles) character file.

1223 uw0tm8 the Spear-Bearer (level 8, -7/73 HPs)
             Began as a Pale Draconian Berserker on Mar 18, 2015.
             Was a Priest of Trog.
             Mangled by a boulder beetle (19 damage)
             ... on level 7 of the Dungeon.
             The game lasted 00:11:33 (3070 turns).

uw0tm8 the Spear-Bearer (Pale Draconian Berserker)  Turns: 3070, Time: 00:11:34

Health: -7/73      AC:  9    Str: 23    XL:     8   Next: 23%
Magic:  17/17      EV: 12    Int:  9    God:    Trog [***...]
Gold:   222        SH:  0    Dex: 10    Spells: 0 memorised, 7 levels left

rFire  + . .     SeeInvis .     A - +7 flail of Coem {pain, rPois rC+ MP+9}
rCold  + . .     Clarity  .     (armour unavailable)
rNeg   . . .     SustAb   .     (no shield)
rPois  +         Gourm    .     (helmet restricted)
rElec  .         Spirit   .     y - +0 cloak
rCorr  .         Warding  .     v - +1 pair of gloves
rMut   .         Stasis   .     (no boots)
MR     .....                    (no amulet)
Stlth  +.........               (no ring)
                                (no ring)

@: about to teleport, constricted, not resistant to hostile enchantments, very
unstealthy
A: breathe steam, unfitting armour, clever 1, fire resistance 1, poison
resistance, cold-blooded, AC +6
a: Breathe Steam, Burn Spellbooks, Berserk, Trog's Hand, Renounce Religion


You were on level 7 of the Dungeon.
You worshipped Trog.
Trog was most pleased with you.
You were not hungry.

You visited 1 branch of the dungeon, and saw 5 of its levels.
You also visited: Bailey.

You collected 222 gold pieces.

Inventory:

Hand weapons
 a - a +0 spear
 A - the +7 flail of Coem (weapon) {pain, rPois rC+ MP+9}
   (You found it on level 4 of the Dungeon)

   In the hands of one skilled in necromantic magic, it inflicts extra damage on
   living creatures.
   It protects you from cold.
   It protects you from poison.
   It affects your magic capacity (+9).
Armour
 v - a +1 pair of gloves (worn)
 y - a +0 cloak (worn)
Magical devices
 m - a wand of invisibility (4)
 x - a wand of digging (0)
Scrolls
 h - a scroll of immolation
 k - a scroll of enchant armour
 r - a scroll of fear
 z - a scroll of random uselessness
Potions
 b - 3 potions of agility
 e - a potion of curing
 g - a potion of haste
 j - a potion of flight
 l - 2 potions of degeneration {unknown}
 n - 2 potions of restore abilities {unknown}
 o - a potion of heal wounds {unknown}
 p - a potion of decay {unknown}
 s - a potion of resistance {unknown}
 w - a potion of poison {unknown}
Miscellaneous
 q - a lamp of fire
Comestibles
 c - 4 bread rations
 d - 6 fruits
 t - a meat ration


   Skills:
 + Level 7.2 Fighting
 * Level 8.6 Polearms
 - Level 2.6 Dodging


You had 7 spell levels left.
You didn't know any spells.

Dungeon Overview and Level Annotations

Branches:
Dungeon (7/15)
 Temple: D:4-7

Altars:
Ru
Zin


Innate Abilities, Weirdness & Mutations

You can breathe blasts of scalding steam.
Your pale cyan-grey scales are hard (AC +6).
Your body does not fit into most forms of armour.
Your cold-blooded metabolism reacts poorly to cold.
Your mind is acute. (Int +2)
Your flesh is heat resistant.
Your system is resistant to poisons.


Message History

You sock the ball python!
You kill the ball python!
Trog accepts your kill. The boulder beetle smashes into you!
The boulder beetle stops rolling.
The boulder beetle bites you! The ball python closely misses you.
The ball python closely misses you.
You hit the boulder beetle.
The boulder beetle is lightly wounded.
The ball python closely misses you. The ball python grabs you.
The ball python constricts you. The boulder beetle bites you!!
* * * LOW HITPOINT WARNING * * *
The ball python bites you but does no damage.
* * * LOW HITPOINT WARNING * * *
The ball python constricts you.
Read which item? (? for menu, Esc to quit)
As you read the scroll of teleportation, it crumbles to dust.
You feel strangely unstable.
The ball python bites you but does no damage.
The ball python constricts you. The boulder beetle bites you!!
You die...

...................)∩).....#
###.#...............)........
#.#.###########........##.
###...#.........#.....#...#
.#....#.#######.#..###.##.#
#.###.#.# #.#)##.##.# .
#.###.#.# #.###..###.
.....##.##### #B##S.).#
......#.....# #.@SS.÷.#
.....######.# ####.....#
.#........#.# ##S###
...########.# # #.....B.....#
#############


You could see a boulder beetle and 4 ball pythons.

Vanquished Creatures
  An orc knight (Bailey)
  A hippogriff (D:7)
  The ghost of BLOAX the Ruffian, an average VSMo (D:4)
  3 orc warriors (Bailey)
  A crimson imp (D:4)
  Natasha (thrice) (D:3)
  10 adders
  A giant mite (D:3)
  4 worms
  5 giant geckos
  An ooze (D:2)
  2 orcs
  4 bats
  3 giant cockroaches
  11 hobgoblins
  5 ball pythons
  A giant newt (D:2)
  6 goblins
  18 kobolds
  6 rats
87 creatures vanquished.

Notes
Turn   | Place    | Note
--------------------------------------------------------------
     0 | D:1      | uw0tm8, the Draconian Berserker, began the quest for the Orb.
     0 | D:1      | Reached XP level 1. HP: 19/19 MP: 1/1
   325 | D:1      | Reached XP level 2. HP: 27/27 MP: 2/2
   666 | D:2      | Reached XP level 3. HP: 33/33 MP: 3/3
   677 | D:2      | Reached skill level 4 in Fighting
   913 | D:2      | Reached XP level 4. HP: 35/40 MP: 4/4
  1040 | D:2      | Found a sacrificial altar of Ru.
  1107 | D:2      | Acquired Trog's second power
  1196 | D:2      | Found a glowing silver altar of Zin.
  1400 | D:3      | Noticed Natasha
  1407 | D:3      | Killed Natasha
  1567 | D:3      | Reached XP level 5. HP: 45/47 MP: 5/5
  1655 | D:3      | Noticed Natasha
  1664 | D:3      | Killed Natasha
  1664 | D:3      | Reached skill level 5 in Polearms
  2007 | D:3      | Noticed Natasha
  2011 | D:3      | Killed Natasha
  2268 | D:4      | Noticed BLOAX's ghost (average VSMo)
  2279 | D:4      | Killed BLOAX's ghost
  2279 | D:4      | Reached skill level 5 in Fighting
  2279 | D:4      | Reached XP level 6. HP: 56/56 MP: 6/6
  2382 | D:4      | Got a pitted flail
  2383 | D:4      | Identified the +7 flail of Coem {pain, rPois rC+ MP+9} (You found it on level 4 of the Dungeon)
  2406 | D:4      | Reached skill level 6 in Polearms
  2475 | D:4      | You fall through a shaft for 3 floors!
  2487 | D:7      | Found a flagged portal.
  2487 | D:7      | Noticed a hippogriff
  2492 | D:7      | Killed a hippogriff
  2499 | Bailey   | Entered a bailey
  2542 | Bailey   | Your scales start fading to a pale cyan-grey colour.
  2542 | Bailey   | Reached XP level 7. HP: 53/62 MP: 7/7
  2591 | Bailey   | Noticed an orc knight
  2607 | Bailey   | Reached skill level 7 in Polearms
  2614 | Bailey   | Killed an orc knight
  2614 | Bailey   | Reached skill level 8 in Polearms
  2614 | Bailey   | Reached XP level 8. HP: 27/71 MP: 8/8
  2900 | Bailey   | Found a burning altar of Makhleb.
  2978 | Bailey   | Gained mutation: Your mind is acute. (Int +2) [potion of mutation]
  2978 | Bailey   | Gained mutation: Your system is resistant to poisons. [potion of mutation]
  2978 | Bailey   | Gained mutation: Your flesh is heat resistant. [potion of mutation]
  3030 | D:7      | Noticed a boulder beetle
  3070 | D:7      | Mangled by a boulder beetle

Action                   |  1- 3 |  4- 6 |  7- 9 || total
-------------------------+-------+-------+-------++-------
Melee: Spear             |    87 |   110 |       ||   197
       Flail             |       |    23 |    41 ||    64
Invok: Berserk           |       |     1 |     1 ||     2
       Trog's Hand       |       |       |     1 ||     1
  Use: Potion            |     2 |       |     2 ||     4
       Scroll            |       |     8 |     4 ||    12
  Eat: Chunk             |       |     5 |       ||     5
       Meat ration       |       |     1 |       ||     1
